 Seeded DCSS version 0.24.0 (webtiles) character file.

Game seed: 9464105340762402747, levelgen mode: deterministic

6506 Auros the Severer (level 10, -2/91 HPs)
             Began as a Minotaur Fighter on Apr 12, 2020.
             Was a Follower of Okawaru.
             Slain by a spiny frog (11 damage)
             ... on level 1 of the Lair of Beasts.
             The game lasted 00:20:34 (8201 turns).

Auros the Severer (Minotaur Fighter)                Turns: 8201, Time: 00:20:34

Health: -2/91      AC: 16    Str: 24    XL:     10   Next: 69%
Magic:  9/9        EV:  8    Int:  5    God:    Okawaru [*.....]
Gold:   754        SH: 11    Dex: 10    Spells: 9/9 levels left

rFire    . . .     SeeInvis .   a - +0 war axe
rCold    . . .     Gourm    .   q - +0 shield
rNeg     . . .     Faith    .   W - +0 plate armour (curse)
rPois    +         Spirit   .   (helmet restricted)
rElec    .         Reflect  .   O - +0 cloak
rCorr    .         Harm     .   i - +0 pair of gloves
MR       .....                  (no boots)
Stlth    ..........             (no amulet)
HPRegen  0.25/turn              t - ring of poison resistance
MPRegen  0.11/turn              F - +2 ring of evasion

@: no status effects
A: retaliatory headbutt, horns 2
a: Heroism, Renounce Religion


You were on level 1 of the Lair of Beasts.
You worshipped Okawaru.
Okawaru was aware of your devotion.
You were hungry.

You visited 3 branches of the dungeon, and saw 11 of its levels.

You collected 754 gold pieces.

Inventory:

Hand Weapons
 a - a +0 war axe (weapon)
Missiles
 j - 4 javelins
 o - 113 arrows
 p - 43 poisoned darts
 u - 116 sling bullets
 x - 63 bolts
 y - 6 silver javelins
 J - 14 boomerangs
 Z - 229 stones (quivered)
Armour
 b - a +0 scale mail
 e - a +0 ring mail
 i - a +0 pair of gloves (worn)
 q - a +0 shield (worn)
 O - a +0 cloak (worn)
 W - a cursed +0 plate armour (worn)
Jewellery
 t - a ring of poison resistance (left hand)
 F - a +2 ring of evasion (right hand)
 I - an uncursed ring of protection from fire
 R - a cursed ring of attention {unknown}
Wands
 h - a wand of clouds (6)
 E - a wand of disintegration (20)
 M - a wand of polymorph (4)
 P - a wand of paralysis (23)
 Q - a wand of iceblast (6)
 S - a wand of acid (12)
Scrolls
 c - a scroll of remove curse
 f - 2 scrolls of fog {unknown}
 g - 3 scrolls of magic mapping {unknown}
 k - 10 scrolls of identify {unknown}
 n - 4 scrolls of fear {unknown}
 r - 2 scrolls of enchant weapon {unknown}
 s - 4 scrolls of immolation {unknown}
 A - 4 scrolls of amnesia {unknown}
 G - 4 scrolls of teleportation {unknown}
 H - a scroll of blinking {unknown}
 K - 2 scrolls of enchant armour {unknown}
 L - a scroll of summoning {unknown}
 V - a scroll of silence {unknown}
Potions
 d - a potion of might
 l - 2 potions of agility {unknown}
 m - 6 potions of curing {unknown}
 v - 2 potions of flight {unknown}
 w - 2 potions of cancellation
 B - 2 potions of degeneration {unknown}
 C - a potion of mutation {unknown}
 D - 6 potions of heal wounds {unknown}
 N - 2 potions of haste
 T - a potion of berserk rage {unknown}
 U - 2 potions of lignification {unknown}
 X - a potion of magic {unknown}
Comestibles
 z - 8 rations


   Skills:
 + Level 9.1 Fighting
 - Level 16.0 Axes
 + Level 9.1 Armour
 + Level 9.1 Shields


You had 9 spell levels left.
You didn't know any spells.
Your spell library contained the following spells:

 Spells                   Type           Power        Failure   Level  Hunger
 Magic Dart               Conj           #...         100%        1    ##.....
 Blink                    Tloc           N/A          100%        2    ###....
 Call Imp                 Summ           #.......     100%        2    ###....
 Searing Ray              Conj           #.....       100%        2    ###....
 Slow                     Hex            #.......     100%        2    ###....
 Conjure Flame            Conj/Fire      #.......     100%        3    ####...
 Dazzling Spray           Conj/Hex       #.....       100%        3    ####...
 Mephitic Cloud           Conj/Pois/Air  #.......     100%        3    ####...
 Force Lance              Conj/Tloc      #.......     100%        4    #####..
 Fulminant Prism          Conj/Hex       #.........   100%        4    #####..
 Iskenderun's Mystic Bla  Conj           #.......     100%        4    #####..


Dungeon Overview and Level Annotations

Branches:
Dungeon (10/15)            Temple (1/1) D:7            Lair (1/6) D:10
    Orc: D:9-12

Altars:
Ashenzari
Cheibriados
Dithmenos
Elyvilon
Fedhas
Gozag
Hepliaklqana
Kikubaaqudgha
Makhleb
Nemelex Xobeh
Okawaru
Qazlal
Ru
Sif Muna
Trog
Uskayaw
Vehumet
Wu Jian
Xom
Yredelemnul
Zin
The Shining One
Beogh

Shops:
D:4 [   D:7 }   D:8 }   D:9 %

Annotations:
D:8 2 transporters, Kave's ghost, novice TrTm


Innate Abilities, Weirdness & Mutations

You reflexively headbutt those who attack you in melee.
You have a pair of horns on your head.


Message History

Something hits you but does no damage. Something hits you!
* * * LOW HITPOINT WARNING * * *
Something hits you.
* * * LOW HITPOINT WARNING * * *
There is a staircase to the Lair here.
Something hits you.
* * * LOW HITPOINT WARNING * * *
You climb downwards.
Welcome to the Lair of Beasts!
Reactivating autopickup. 2 spiny frogs come into view.
The spiny frog croaks.
Found a leather armour.
There is a staircase back to the Dungeon here.
You are feeling hungry.
You barely miss the spiny frog. You slash the spiny frog!
The spiny frog is moderately wounded.
The spiny frog stings you!
You die...

###
#######.#######
...............
...............
...............
.F....F........
.......@......#
..............#
..............#
..............#
..............#
[.............#
..............#
..............#


You could see 2 spiny frogs.

Vanquished Creatures
  A two-headed ogre (D:10)
  Pikel (D:7)
  A gargoyle (D:9)
  A hippogriff (D:8)
  Sigmund (D:3)
  3 yaks (D:7)
  Duvessa (D:7)
  5 orc warriors
  An ice beast (D:4)
  4 sky beasts
  A slave (D:7)
  An eye of draining (D:10)
  A centaur (D:9)
  2 ogres
  3 big kobolds
  7 bullfrogs
  A wyvern skeleton (D:9)
  Dowan (D:7)
  6 killer bees (D:7)
  A centaur zombie (D:6)
  5 crimson imps
  4 hounds
  A gnoll shaman (D:6)
  6 orc priests
  A jelly (D:7)
  2 centaur skeletons
  Ijyb (D:3)
  3 iguanas
  Natasha (thrice) (D:3)
  7 orc wizards
  2 worker ants
  A killer bee zombie (D:8)
  3 hound skeletons
  Robin (D:2)
  7 gnolls
  15 adders
  2 river rats (D:6)
  4 shadow imps
  2 oozes (D:2)
  An adder skeleton (D:8)
  2 worms (D:4)
  A dart slug (D:1)
  4 leopard geckos
  48 orcs
  4 ball pythons
  6 bats
  6 giant cockroaches
  15 goblins
  9 hobgoblins
  13 jackals
  6 quokkas
  6 frilled lizards
  23 kobolds
  A quokka skeleton (D:7)
  12 rats
270 creatures vanquished.

Vanquished Creatures (others)
  An adder (D:7)
1 creature vanquished.

Grand Total: 271 creatures vanquished

Notes
Turn   | Place    | Note
-------+----------+-------------------------------------------
     0 | D:1      | Auros the Minotaur Fighter began the quest for the Orb.
     0 | D:1      | Reached XP level 1. HP: 19/19 MP: 0/0
   180 | D:1      | Reached XP level 2. HP: 27/27 MP: 1/1
   851 | D:2      | Noticed Robin
   855 | D:2      | Reached XP level 3. HP: 11/33 MP: 2/2
   858 | D:1      | Reached skill level 3 in Axes
  1066 | D:2      | Killed Robin
  1108 | D:2      | Found a shattered altar of Ashenzari.
  1170 | D:2      | Reached XP level 4. HP: 40/41 MP: 3/3
  1589 | D:2      | Reached XP level 5. HP: 47/47 MP: 4/4
  1607 | D:2      | Found a sparkling altar of Nemelex Xobeh.
  1682 | D:2      | Found a hide-covered altar of Uskayaw.
  1702 | D:2      | Reached skill level 9 in Axes
  1702 | D:2      | Reached XP level 6. HP: 61/61 MP: 5/5
  1703 | D:2      | Reached skill level 14 in Axes
  1703 | D:2      | Reached XP level 7. HP: 68/68 MP: 6/6
  2178 | D:3      | Noticed Natasha
  2185 | D:3      | Killed Natasha
  2235 | D:3      | Noticed Natasha
  2242 | D:3      | Killed Natasha
  2307 | D:3      | Noticed Ijyb
  2318 | D:3      | Killed Ijyb
  2507 | D:3      | Noticed Natasha
  2514 | D:3      | Killed Natasha
  2526 | D:3      | Noticed Sigmund
  2545 | D:3      | Killed Sigmund
  2698 | D:4      | Found Hagaw's Antique Armour Shop.
  2759 | D:4      | Reached XP level 8. HP: 74/74 MP: 7/7
  3127 | D:4      | You fall into a shaft and drop 2 floors!
  3523 | D:6      | Found a runed translucent door.
  3590 | D:6      | Found a glowing drain.
  3799 | D:6      | Reached skill level 15 in Axes
  4255 | D:6      | Found a roughly hewn altar of Beogh.
  4322 | D:7      | Noticed Dowan
  4323 | D:7      | Noticed Duvessa
  4328 | D:7      | Killed Dowan
  4332 | D:7      | Killed Duvessa
  4332 | D:7      | Reached XP level 9. HP: 75/81 MP: 8/8
  4437 | D:7      | Found a staircase to the Ecumenical Temple.
  4548 | D:7      | Found Pirchuce's Gadget Emporium.
  4926 | D:7      | Noticed Pikel
  4929 | D:7      | Paralysed by Pikel for 3 turns
  4940 | D:7      | Killed Pikel
  5678 | D:8      | Reached skill level 16 in Axes
  5761 | D:8      | Found a transporter.
  5788 | D:8      | Found a transporter.
  5790 | D:8      | Noticed Kave's ghost (novice TrTm)
  5843 | D:8      | Reached XP level 10. HP: 86/88 MP: 9/9
  6003 | D:8      | Found a shadowy altar of Dithmenos.
  6005 | D:8      | Found a glowing silver altar of Zin.
  6005 | D:8      | Found a white marble altar of Elyvilon.
  6006 | D:8      | Found a hazy altar of Hepliaklqana.
  6138 | D:8      | Found Biebic's Gadget Shoppe.
  6208 | Temple   | Entered the Ecumenical Temple
  6462 | Temple   | Became a worshipper of Warmaster Okawaru
  6712 | D:9      | Noticed a gargoyle
  6729 | D:9      | Killed a gargoyle
  7164 | D:9      | Found a bloodstained altar of Trog.
  7164 | D:9      | Found an ornate altar of the Wu Jian Council.
  7292 | D:9      | Found Dekokat's Food Boutique.
  7432 | D:9      | Found a glowing golden altar of the Shining One.
  7519 | D:9      | Reached * piety under Okawaru
  7723 | D:10     | Entered Level 10 of the Dungeon
  7728 | D:10     | Noticed a two-headed ogre
  7737 | D:10     | Killed a two-headed ogre
  8083 | D:10     | Found a staircase to the Lair.
  8199 | Lair:1   | Entered Level 1 of the Lair of Beasts
  8199 | Lair:1   | Noticed a spiny frog
  8199 | Lair:1   | Noticed a spiny frog
  8201 | Lair:1   | Slain by a spiny frog

Levels and vault maps discovered:
D:1:      onia_arrival_mini_maze, layout_basic
D:2:      layout_basic, eat_drink_and_be_merry_uskayaw, nemelex_altar_shiori,
          ashenzari_altar_1, first_ration, uniq_robin
D:3:      layout_rooms, uniq_ijyb, uniq_sigmund, uniq_natasha
D:4:      layout_basic, serial_shops, shop, hangedman_decor_diamond_cutter
D:6:      layout_cave_pools, portal_sewer_entry_e, lightli_church_of_beogh
D:7:      layout_loops_ring, minmay_temple_entry_from_below_b, serial_shops,
          nicolae_shop_behind_doors, uniq_duvessa, uniq_pikel
D:8:      layout_gridville, grunt_temple_overflow_open, serial_shops, shop,
          gammafunk_ghost_mausoleum
D:9:      layout_small_grid, overflow_temple_1_default,
          overflow_temple_1_default, tso_altar, serial_shops, shop_coins
D:10:     layout_irregular_city, lair_entry_dummy, hangedman_fish_farm
Temple:   minmay_temple_bridge_abc
Lair:1:   layout_long_grid, serial_bayou_shore_a, lemuel_fruit_tree
